 Dungeon Crawl Stone Soup version 0.28.0-53-g5a82cb258f (webtiles) character file.

Game seed: 13547957903899875022

934 Woods the Insei (level 8, -2/60 HPs)
             Began as a Gnoll Transmuter on June 9, 2022.
             Was an Initiate of Ashenzari.
             Slain by an unseen horror (5 damage)
             ... on level 4 of the Dungeon.
             The game lasted 00:06:49 (5156 turns).

Woods the Insei (Gnoll Transmuter)                  Turns: 5156, Time: 00:06:49

Health: -2/60      AC:  2    Str:  9    XL:     8   Next: 11%
Magic:  14/16      EV: 23    Int: 15    God:    Ashenzari [......]
Gold:   310        SH:  0    Dex: 18    Spells: 12/18 levels left

rFire   . . .      SeeInvis .     - Unarmed
rCold   . . .      Faith    .   (shield currently unavailable)
rNeg    . . .      Spirit   .   (armour currently unavailable)
rPois   x          Reflect  .   (helmet currently unavailable)
rElec   .          Harm     .   (cloak currently unavailable)
rCorr   .          Rampage  .   (gloves currently unavailable)
Will    .....                   (boots currently unavailable)
Stlth   ++........              (no amulet)
HPRegen 0.20/turn               (no ring)
MPRegen 0.15/turn               (no ring)

@: spider-form (expiring)
A: venomous fangs, tiny, (fangs 1), strong nose, distributed training
a: End Transformation, Renounce Religion, Curse Item


You were on level 4 of the Dungeon.
You worshipped Ashenzari.
Ashenzari was noncommittal.
You were a venomous arachnid creature.
You visited 2 branches of the dungeon, and saw 6 of its levels.

You collected 310 gold pieces.

Inventory:

Armour
 a - a +0 robe (melded)
Jewellery
 c - a ring of see invisible
 m - a ring of ice
 p - a ring of fire
 q - a +6 ring of strength
Wands
 r - a wand of polymorph (7)
Scrolls
 b - a scroll of holy word {unknown}
 d - 2 scrolls of amnesia
 f - 3 scrolls of identify
 g - a scroll of summoning {unknown}
 h - a scroll of blinking {unknown}
 i - a scroll of torment {unknown}
 k - a scroll of immolation {unknown}
 l - a scroll of teleportation {unknown}
 o - a scroll of silence {unknown}
 s - a scroll of noise {unknown}
Potions
 e - 3 potions of curing
 j - a potion of flight {unknown}
 n - a potion of berserk rage {unknown}


   Skills:
 + Level 4.0 Fighting
 + Level 3.0 Short Blades
 + Level 3.0 Long Blades
 + Level 3.0 Axes
 + Level 3.0 Maces & Flails
 + Level 3.0 Polearms
 + Level 3.0 Staves
 + Level 3.0 Slings
 + Level 3.0 Bows
 + Level 3.0 Crossbows
 + Level 3.0 Throwing
 + Level 3.0 Armour
 + Level 5.5 Dodging
 + Level 3.0 Stealth
 + Level 3.0 Shields
 + Level 7.2 Unarmed Combat
 + Level 5.8 Spellcasting
 + Level 2.4 Conjurations
 + Level 2.4 Hexes
 + Level 2.4 Summonings
 + Level 2.4 Necromancy
 + Level 2.4 Translocations
 + Level 4.5 Transmutations
 + Level 2.4 Fire Magic
 + Level 2.4 Ice Magic
 + Level 2.4 Air Magic
 + Level 2.4 Earth Magic
 + Level 2.4 Poison Magic
 + Level 3.2 Invocations
 + Level 3.0 Evocations


You had 12 spell levels left.
You knew the following spells:

 Your Spells              Type           Power      Damage    Failure   Level
a - Beastly Appendage     Tmut           36%        N/A       9%          1
b - Wereblood             Tmut           18%        N/A       12%         2
c - Spider Form           Tmut/Pois      14%        N/A       26%         3

Your spell library contained the following spells:

 Spells                   Type           Power      Damage    Failure   Level
 Ice Form                 Ice/Tmut       14%        N/A       56%         4


Dungeon Overview and Level Annotations

Branches:
Dungeon (5/15)             Temple (1/1) D:4

Altars:
Ashenzari
Dithmenos
Elyvilon
Gozag
Hepliaklqana
Kikubaaqudgha
Makhleb
Sif Muna
Trog
Vehumet
Wu Jian
Xom
Yredelemnul
Zin

Annotations:
D:5 1 runed translucent door, Valamore's ghost, novice MiFi


Innate Abilities, Weirdness & Mutations

You are a venomous arachnid creature.
You have poisonous fangs.
You are tiny and dextrous.
Your spellcasting is less reliable in this form.
Your armour is entirely melded.
You are incapable of wielding weapons or throwing items.
((You have very sharp teeth.))
Your uncanny sense of smell can sniff out nearby items.
Your experience applies equally to all skills.


Message History

* * * LOW HITPOINT WARNING * * *
Something barely misses you. Something hits you.
* * * LOW HITPOINT WARNING * * *
Something completely misses you. Something closely misses you.
Your transformation is almost over.
Something misses you. Something closely misses you.
Something completely misses you.
A gnoll comes into view. It is wielding a +0 flail.
There is a stone staircase leading up here.
Something misses you.
You climb upwards.
Reactivating autopickup.
There is a stone staircase leading down here.
Your transformation has ended.
Your +0 robe unmelds from your body.
Something hits you but does no damage.
Deactivating autopickup; reactivate with Ctrl-A.
Something hits you.
* * * LOW HITPOINT WARNING * * *
Something hits you.
* * * LOW HITPOINT WARNING * * *
There is a stone staircase leading down here.
Casting: Spider Form (dangerous; 11% risk of failure)
Confirm with . or Enter, or press ? or * to list all spells.
You turn into a venomous arachnid creature.
Your +0 robe melds into your body.
Something closely misses you.
Unknown command.
You hit something but do no damage. Something hits you!
* * * LOW HITPOINT WARNING * * *
Something closely misses you.
It was a potion of curing.
You feel better. Something closely misses you.
You barely miss something. Something closely misses you.
You hit something. Something hits you but does no damage.
You hit something but do no damage. Something closely misses you.
Your transformation is almost over.
Something hits you!
* * * LOW HITPOINT WARNING * * *
You hit something. Something hits you.
You die...

##.###########..................#
.#........# ##..##########.....#
.########.#####..#............[.#
.............[...........#.#.####
.########.####.#>#.#####.#.#.#...
#########.#..#.#.#.# #.#.#.#.##
..........#....#.#.# #.#.#.#.#
############.###{#.# #.#.#.#.##
#..............#s#.# #.#.#.#.#.
#.##########.#.#.#.# #.#.#.#.#.
#.# #.#.#.#.# #.#.#.#.#. #.#
#...#.#.# #.#.#.#.## #.#
#####.#.# #.#.#.#... #.#
#.#.#####.#.#.#### #.#
#.#.......#....... #.#
#.###########.#### #.#
#.............#


There were no monsters in sight!

Vanquished Creatures
  2 sky beasts (D:5)
  An ice beast (D:5)
  A necrophage (D:4)
  2 ogres
  A scorpion (D:4)
  A hound (D:5)
  An orc priest (D:5)
  A gnoll shaman (D:4)
  2 iguanas
  A hound zombie (D:5)
  A howler monkey zombie (D:3)
  7 gnolls
  3 adders
  A worm (D:2)
  A dart slug (D:1)
  6 orcs
  3 bats (D:1)
  10 endoplasms
  2 giant cockroaches
  8 goblins
  6 hobgoblins
  13 jackals
  4 kobolds
  3 quokkas
  9 ball pythons
  4 frilled lizards
  5 rats
99 creatures vanquished.

Vanquished Creatures (others)
  4 demonic plants (D:2)
  3 fungi (D:2)
  5 plants (D:2)
  6 withered plants (D:2)
18 creatures vanquished.

Grand Total: 117 creatures vanquished

Notes
Turn   | Place    | Note
-------+----------+-------------------------------------------
     0 | D:1      | Woods the Gnoll Transmuter began the quest for the Orb.
     0 | D:1      | Reached XP level 1. HP: 17/17 MP: 6/6
   127 | D:1      | Reached XP level 2. HP: 1/23 MP: 5/7
  1138 | D:1      | Reached XP level 3. HP: 28/28 MP: 7/9
  1141 | D:1      | Reached skill level 5 in Spellcasting
  1308 | D:1      | Reached skill level 1 in Invocations
  1645 | D:1      | Learned a level 2 spell: Wereblood
  1649 | D:1      | Learned a level 3 spell: Spider Form
  1662 | D:2      | Reached skill level 1 in Short Blades
  1662 | D:2      | Reached skill level 1 in Long Blades
  1662 | D:2      | Reached skill level 1 in Axes
  1662 | D:2      | Reached skill level 1 in Maces & Flails
  1662 | D:2      | Reached skill level 1 in Polearms
  1662 | D:2      | Reached skill level 1 in Staves
  1662 | D:2      | Reached skill level 1 in Slings
  1662 | D:2      | Reached skill level 1 in Bows
  1662 | D:2      | Reached skill level 1 in Crossbows
  1662 | D:2      | Reached skill level 1 in Throwing
  1662 | D:2      | Reached skill level 1 in Armour
  1662 | D:2      | Reached skill level 1 in Stealth
  1662 | D:2      | Reached skill level 1 in Shields
  1662 | D:2      | Reached skill level 1 in Evocations
  1670 | D:2      | Reached XP level 4. HP: 28/34 MP: 11/11
  1947 | D:2      | Reached skill level 1 in Conjurations
  1947 | D:2      | Reached skill level 1 in Hexes
  1947 | D:2      | Reached skill level 1 in Summonings
  1947 | D:2      | Reached skill level 1 in Necromancy
  1947 | D:2      | Reached skill level 1 in Translocations
  1947 | D:2      | Reached skill level 1 in Fire Magic
  1947 | D:2      | Reached skill level 1 in Ice Magic
  1947 | D:2      | Reached skill level 1 in Air Magic
  1947 | D:2      | Reached skill level 1 in Earth Magic
  1947 | D:2      | Reached skill level 1 in Poison Magic
  2186 | D:2      | Found a faded altar of an unknown god.
  2770 | D:3      | Reached XP level 5. HP: 36/40 MP: 12/12
  3301 | D:4      | Found a staircase to the Ecumenical Temple.
  3318 | Temple   | Entered the Ecumenical Temple
  3377 | Temple   | Became a worshipper of Ashenzari the Shackled
  3558 | D:4      | Reached XP level 6. HP: 39/47 MP: 8/13
  3881 | D:4      | Noticed a necrophage
  3894 | D:4      | Killed a necrophage
  3895 | D:4      | Reached skill level 5 in Dodging
  4129 | D:4      | Reached XP level 7. HP: 52/52 MP: 12/15
  4321 | D:5      | Entered Level 5 of the Dungeon
  4337 | D:5      | Reached skill level 7 in Unarmed Combat
  4725 | D:5      | Found a runed translucent door.
  4728 | D:5      | Noticed Valamore's ghost (novice MiFi)
  4803 | D:5      | Found a radiant altar of Vehumet.
  4828 | D:5      | Reached XP level 8. HP: 30/60 MP: 13/16
  5148 | D:4      | HP: 2/60 [something (7)]
  5155 | D:4      | HP: 3/60 [something (8)]
  5156 | D:4      | Slain by an unseen horror

Illustrated notes

Levels and vault maps discovered:
D:1:      dpeg_arrival_short_road, layout_basic
D:2:      layout_basic, shapermc_ecumenical_altar_gd
D:3:      layout_basic
D:4:      layout_basic, minmay_temple_entry_mini_moons
D:5:      layout_rooms, lemuel_doored_altar, cheibrodos_sewer_entry_bend,
          hellmonk_ghost_happy_afterlife, nicolae_shop_fire_sale
          [nicolae_sub_dead_trees], minmay_manual_mess
Temple:   dshaligram_water_room_temple

Skill      XL: |  1  2  3  4  5  6  7  8 |
---------------+-------------------------+-----
Spellcasting   | 5 |  5.8
Invocations    | 1 2 3 |  3.2
Short Blades   | 1 2 3 |  3.0
Long Blades    | 1 2 3 |  3.0
Axes           | 1 2 3 |  3.0
Maces & Flails | 1 2 3 |  3.0
Polearms       | 1 2 3 |  3.0
Staves         | 1 2 3 |  3.0
Slings         | 1 2 3 |  3.0
Bows           | 1 2 3 |  3.0
Crossbows      | 1 2 3 |  3.0
Throwing       | 1 2 3 |  3.0
Armour         | 1 2 3 |  3.0
Stealth        | 1 2 3 |  3.0
Shields        | 1 2 3 |  3.0
Evocations     | 1 2 3 |  3.0
Conjurations   | 1 2 |  2.4
Hexes          | 1 2 |  2.4
Summonings     | 1 2 |  2.4
Necromancy     | 1 2 |  2.4
Translocations | 1 2 |  2.4
Fire Magic     | 1 2 |  2.4
Ice Magic      | 1 2 |  2.4
Air Magic      | 1 2 |  2.4
Earth Magic    | 1 2 |  2.4
Poison Magic   | 1 2 |  2.4
Fighting       | 3 4 |  4.0
Transmutations | 4 |  4.5
Dodging        | 5 |  5.5
Unarmed Combat | 7 |  7.2

Action                   |  1- 3 |  4- 6 |  7- 9 || total
-------------------------+-------+-------+-------++-------
Melee: Unarmed           |    89 |   145 |    58 ||   292
       Headbutt          |    11 |    18 |       ||    29
       Kick              |    15 |    25 |       ||    40
       Bite              |     5 |     8 |       ||    13
       Punch             |     2 |     5 |       ||     7
 Cast: Beastly Appendage |    22 |    19 |       ||    41
       Wereblood         |       |     3 |       ||     3
       Spider Form       |       |     5 |    10 ||    15
  Use: Scroll            |       |       |     1 ||     1
       Potion            |       |       |     1 ||     1
 Stab: Sleeping          |       |       |     3 ||     3
Armor: Robe              |     7 |    11 |     1 ||    19
       Skin              |       |     1 |     1 ||     2
Dodge: Dodged            |    45 |   102 |    53 ||   200
